 Dungeon Crawl Stone Soup version 0.28.0-53-g5a82cb258f (webtiles) character file.

Game seed: 7170773684719826165

42 GigaChad the Slasher (level 3, -1/30 HPs)
             Began as a Minotaur Gladiator on Aug 22, 2022.
             Slain by an orc
             ... wielding a +0 club
              (4 damage)
             ... on level 3 of the Dungeon.
             The game lasted 00:03:29 (1760 turns).

GigaChad the Slasher (Minotaur Gladiator)           Turns: 1760, Time: 00:03:30

Health: -1/30      AC:  6    Str: 20    XL:     3   Next: 33%
Magic:  2/2        EV: 11    Int:  5    God:
Gold:   48         SH:  0    Dex: 11    Spells: 2/2 levels left

rFire   . . .      SeeInvis .   a - +0 long sword
rCold   . . .      Faith    .   (no shield)
rNeg    . . .      Spirit   .   e - +0 scale mail
rPois   .          Reflect  .   c - +0 hat
rElec   .          Harm     .   (no cloak)
rCorr   .          Rampage  .   (no gloves)
Will    .....                   (no boots)
Stlth   ..........              (no amulet)
HPRegen 0.10/turn               (no ring)
MPRegen 0.08/turn               (no ring)

@: no status effects
A: horns 2, retaliatory headbutt
a: no special abilities


You were on level 3 of the Dungeon.
You visited 1 branch of the dungeon, and saw 3 of its levels.

You collected 48 gold pieces.

Inventory:

Hand Weapons
 a - a +0 long sword (weapon)
 o - a +0 rapier
Missiles
 d - 3 throwing nets (quivered)
Armour
 b - a +0 leather armour
 c - a +0 hat (worn)
 e - a +0 scale mail (worn)
Jewellery
 p - a +6 ring of strength
 s - a ring of see invisible
Scrolls
 h - 2 scrolls of teleportation {unknown}
 i - a scroll of noise
 j - a scroll of blinking {unknown}
 k - a scroll of amnesia {unknown}
 m - a scroll of vulnerability {unknown}
Potions
 f - 2 potions of haste {unknown}
 g - a potion of attraction {unknown}
 l - a potion of heal wounds {unknown}
 n - a potion of invisibility {unknown}
 q - a potion of curing {unknown}
 r - a potion of might {unknown}


   Skills:
 + Level 2.7 Fighting
 + Level 4.0 Long Blades
 + Level 2.2 Throwing
 + Level 1.7 Armour
 + Level 3.8 Dodging


You had 2 spell levels left.
You didn't know any spells.
Your spell library contained the following spells:

 Spells                   Type           Power      Damage    Failure   Level
 Magic Dart               Conj           0%         1d3       83%         1
 Call Imp                 Summ           0%         N/A       93%         2
 Mephitic Cloud           Conj/Pois/Air  0%         N/A       99%         3


Dungeon Overview and Level Annotations

Branches:
Dungeon (3/15)

Altars:


Innate Abilities, Weirdness & Mutations

You have a pair of horns on your head.
You reflexively headbutt those who attack you in melee.


Message History

The orc shouts!
The orc priest mumbles some strange prayers to Beogh against you.
Beogh smites you!
The giant cockroach bites you but does no damage. x2
You hear an angry hiss.
The giant cockroach bites you but does no damage.
The giant cockroach bites you.
The orc wizard mumbles some strange words.
The orc wizard flickers and vanishes!
Deactivating autopickup; reactivate with Ctrl-A.
The giant cockroach completely misses you.
You furiously retaliate!
You headbutt the giant cockroach!
You kill the giant cockroach!
The giant cockroach closely misses you.
You barely miss the giant cockroach. You headbutt the giant cockroach.
You kill the giant cockroach!
Your Long Blades skill increases to level 4!
You closely miss something. Your headbutt misses something.
You hear some strange, mumbled words.
A magic dart appears from out of thin air!
The magic dart hits you. Something hits you but does no damage.
You barely miss something. Your headbutt misses something.
A frilled lizard comes into view.
You hit the orc.
The orc is lightly wounded.
The orc hits you with a +0 dagger.
* * * LOW HITPOINT WARNING * * *
The orc priest miscasts a cantrip.
Something hits you.
* * * LOW HITPOINT WARNING * * *
The orc hits you but does no damage.
You slash the orc!
You kill the orc!
The orc closely misses you. You furiously retaliate!
You headbutt the orc. Something hits you.
* * * LOW HITPOINT WARNING * * *
The orc hits you with a +0 dagger.
* * * LOW HITPOINT WARNING * * *
You hit the orc but do no damage. The orc hits you with a +0 club.
You die...

########.
####........
#.o#.........
#@oo...........
.##.###ro..........
..o................
..o#.o#.........<..
...#.##o..........
....r.##...........
...................
......##....>...#.#
.... #.†<.).......


You could see an orc priest, 3 orcs and a quokka.

Vanquished Creatures
  An adder (D:2)
  3 orcs (D:3)
  3 bats
  An endoplasm (D:2)
  4 giant cockroaches
  2 hobgoblins
  2 quokkas (D:3)
  A ball python (D:2)
  A frilled lizard (D:2)
  2 goblins (D:1)
  4 kobolds
  4 rats
28 creatures vanquished.

Vanquished Creatures (others)
  A fungus (D:3)
  A plant (D:3)
2 creatures vanquished.

Grand Total: 30 creatures vanquished

Notes
Turn   | Place    | Note
-------+----------+-------------------------------------------
     0 | D:1      | GigaChad the Minotaur Gladiator began the quest for the
                  | Orb.
     0 | D:1      | Reached XP level 1. HP: 18/18 MP: 0/0
   760 | D:1      | Reached XP level 2. HP: 25/25 MP: 1/1
  1026 | D:2      | Reached skill level 1 in Armour
  1528 | D:2      | Reached XP level 3. HP: 30/30 MP: 2/2
  1756 | D:3      | Reached skill level 4 in Long Blades
  1760 | D:3      | Slain by an orc

Illustrated notes

Levels and vault maps discovered:
D:1:      dpeg_arrival_round_a, layout_loops_ring, minmay_stone_trees_small,
          minmay_surrounded
D:2:      layout_rooms, grunt_ministairs_3, hangedman_abyss_or_decor_stabs
D:3:      layout_rooms, shapermc_ecumenical_altar_ellora, portal_sewer_entry_f,
          lexackson_kobold_supper

Skill      XL: |  1  2  3 |
---------------+----------+-----
Armour         | 1 |  1.7
Long Blades    | 4 |  4.0
Fighting       | |  2.7
Throwing       | |  2.2
Dodging        | |  3.8

Action                   || total
-------------------------++-------
Melee: Long sword        ||    46
       Headbutt          ||     7
  Use: Scroll            ||     1
Armor: Scale mail        ||    31
Dodge: Dodged            ||    56
